 Dungeon Sprint DCSS version 0.28.0-53-g5a82cb258f (webtiles) character file.

Game seed: 8249643124887401716

11512 Zeld the Severer (level 11, -6/117 HPs)
             Began as a Minotaur Berserker on June 7, 2022.
             Was the Champion of Trog.
             Killed from afar by a deep elf pyromancer (23 damage)
             ... with a bolt of fire
             ... in the Dungeon (Sprint V: "Ziggurat Sprint").
             The game lasted 00:03:53 (1570 turns).

Zeld the Severer (Minotaur Berserker)               Turns: 1570, Time: 00:03:54

Health: -6/117     AC: 35    Str: 29    XL:     11   Next: 50%
Magic:  10/10      EV: 10    Int:  4    God:    Trog [******]
Gold:   0          SH: 22    Dex: 10    Spells: 10/10 levels left

rFire   . . .      SeeInvis +   y - +14 obsidian axe {vorpal, Mesm Drain Fly SInv}
rCold   . . .      Faith    .   i - +3 tower shield
rNeg    . . .      Spirit   .   z - +15 Maxwell's patent armour {-Cast -Tele rElec Will+ rCorr}
rPois   .          Reflect  .   (helmet restricted)
rElec   +          Harm     .   (no cloak)
rCorr   +          Rampage  .   D - +2 pair of gloves {Str+3}
Will    +....      NoTele   +   j - +0 pair of boots of Temperance {rElec Stlth+}
Stlth   .......... NoCast   +   (no amulet)
HPRegen 0.29/turn               b - ring of see invisible
MPRegen 0.12/turn               (no ring)

@: on fire, flying, mesmerised, glowing
A: horns 2, retaliatory headbutt
a: Renounce Religion, Berserk, Trog's Hand, Brothers in Arms


You were in the Dungeon.
You worshipped Trog.
Trog was exalted by your worship.
You visited 1 branch

Inventory:

Hand Weapons
 v - the +8 autumn katana {vorpal, manifold assault}
   (You found it in the Dungeon)

   It sometimes launches melee attacks against multiple visible enemies.
 y - the +14 obsidian axe (weapon) {vorpal, Mesm Drain Fly SInv}
   (You found it in the Dungeon)

   It inflicts extra damage upon your enemies.
   It occasionally summons demons to assist the wielder when it strikes in
   combat.
   Its wielder is mesmerised by any visible foes.
   It cannot be unequipped while any foes are visible.
   SInv:      It lets you see invisible.
   Fly:       It grants you flight.
   Drain:     It drains your maximum health when unequipped.
Armour
 i - a +3 tower shield (worn)
 j - the +0 pair of boots of Temperance (worn) {rElec Stlth+}
   (You found it in the Dungeon)

   rElec:     It insulates you from electricity.
   Stlth:     It makes you more stealthy.
 z - the +15 Maxwell's patent armour (worn) {-Cast -Tele rElec Will+ rCorr}
   (You found it in the Dungeon)

   rElec:     It insulates you from electricity.
   -Cast:     It prevents spellcasting.
   -Tele:     It prevents most forms of teleportation.
   rCorr:     It protects you from acid and corrosion.
   Will:      It increases your willpower.
 D - a +2 pair of gloves of strength (worn)
Jewellery
 b - a ring of see invisible (left hand)
Wands
 s - a wand of mindburst (7)
 t - a wand of iceblast (7)
 u - a wand of acid (7)
 B - a wand of digging (6)
Scrolls
 h - 4 scrolls of blinking
 k - 7 scrolls of fog
 l - a scroll of holy word
 m - 5 scrolls of identify
 n - 2 scrolls of fear
 w - a scroll of brand weapon
Potions
 c - 12 potions of curing
 d - 11 potions of heal wounds
 e - 6 potions of haste
 f - 7 potions of magic
 g - 3 potions of berserk rage
 o - 2 potions of invisibility
 p - 4 potions of resistance
 r - 5 potions of might
 C - a potion of degeneration {unknown}
Miscellaneous
 a - a box of beasts
 q - a phantom mirror
 x - a lightning rod (4/4)
 A - a phial of floods
 E - a condenser vane
 F - a piece from Xom's chessboard (15/15)


   Skills:
 * Level 17.6 Fighting
 * Level 17.6 Axes
 + Level 12.5 Armour
 + Level 11.6 Dodging
 * Level 17.2 Shields


You had 10 spell levels left.
You didn't know any spells.
Your spell library was empty.

Dungeon Overview and Level Annotations

Branches:
Dungeon (1/1)

Altars:
Ashenzari
Cheibriados
Dithmenos
Elyvilon
Fedhas
Gozag
Hepliaklqana
Kikubaaqudgha
Makhleb
Nemelex Xobeh
Okawaru
Qazlal
Ru
Sif Muna
Trog
Uskayaw
Vehumet
Wu Jian
Xom
Yredelemnul
Zin
The Shining One
Beogh
Jiyva
Lugonu

Annotations:
D 1 transporter


Innate Abilities, Weirdness & Mutations

You have a pair of horns on your head.
You reflexively headbutt those who attack you in melee.


Message History

Unknown command.
You slice the deep elf pyromancer!!
You are no longer entranced.
You kill the deep elf pyromancer!
Trog accepts your kill.
Trog appreciates your killing of a magic user.
You slash the fire elemental!
You destroy the fire elemental!
The fire elemental disappears in a puff of smoke!
Visions of slaying the deep elf pyromancer flood into your mind.
You are covered in liquid flames!
* * * LOW HITPOINT WARNING * * *
The deep elf pyromancer gestures wildly while chanting.
The deep elf pyromancer blinks!
Unknown command.
Unknown command.
You cannot move away from the deep elf pyromancer!
Unknown command.
What are your orders? t - Shout!
Orders for allies: a - Attack new target. r - Retreat! s - Stop attacking. g - Guard the area. f - Follow me.
Anything else - Cancel.
Okay, then.
What are your orders? t - Shout!
Orders for allies: a - Attack new target. r - Retreat! s - Stop attacking. g - Guard the area. f - Follow me.
Anything else - Cancel.
Gang up on whom?
Press: ? - help, Dir - move target, f - deep elf pyromancer
Aim: a deep elf pyromancer, wielding a +0 long sword (mesmerising, spells empowered, ally target) Attack!
You are covered in liquid flames!
* * * LOW HITPOINT WARNING * * *
The deep elf pyromancer gestures at you while chanting.
The bolt of fire hits you!!
You die...

▓▓▓▓▓▓▓▓▓▓▓▓▓▓▓▓▓▓▓
▓...8©8...▓...8©8...▓
▓..)}:)=..▓...|).}..▓
▓..)|}:=..▓...}}|...▓
▓.........▓.........▓
▓.........▓.........▓
▓.........▓....)....▓
▓....))§§.▓....))...▓
▓....)@...▓.▓.).).▓.▓
▓.▓.....▓.▓...)©....▓
▓.e..3....▓▓▓▓▓▓▓▓▓▓▓
▓▓▓▓▓▓▓▓▓▓▓


You could see a deep elf pyromancer (mesmerising, empowered, ally target) and a
friendly soul eater (summoned).

Vanquished Creatures
  A deep elf master archer (D)
  A deep elf sorcerer (D)
  2 deep elf high priests (D)
  A deep elf knight (D)
  A harpy (shapeshifter) (D)
  A deep elf pyromancer (D)
  A cane toad (D)
  A komodo dragon (D)
  2 hornets (D)
  A slime creature (D)
  Sigmund (D)
  A fire elemental (D)
  10 spriggans (D)
  2 golden eyes (D)
  Edmund (D)
  A water moccasin (D)
  Duvessa (D)
  2 black bears (D)
  6 wolves (D)
  Blork the orc (D)
  A bullfrog (D)
  Dowan (D)
  2 jellies (D)
  Crazy Yiuf (D)
  2 river rats (D)
  5 adders (D)
  2 endoplasms (D)
  2 jackals (D)
  2 ball pythons (D)
56 creatures vanquished.

Vanquished Creatures (collateral kills)
  A deep elf knight (D)
  A hornet (D)
  4 spriggans (D)
  A water moccasin (D)
  A black bear (D)
  A wolf (D)
  Jessica (D)
10 creatures vanquished.

Grand Total: 66 creatures vanquished

Notes
Turn   | Place    | Note
-------+----------+-------------------------------------------
     0 | D        | Zeld the Minotaur Berserker began the quest for the Orb.
     0 | D        | Reached XP level 1. HP: 19/19 MP: 0/0
     3 | D        | Found a blossoming altar of Fedhas.
     3 | D        | Found the +6 Majin-Bo {vamp, MP+6 Int+6}
     3 | D        | Found the +9 heavy crossbow "Sniper" {vorpal, Acc+∞ SInv}
     3 | D        | Found the +10 dark maul {vorpal}
     3 | D        | Found the +15 Maxwell's patent armour {-Cast -Tele rElec
                  | Will+ rCorr}
     3 | D        | Found the +18 shield of the Gong {rElec rN+ Will+ EV-5}
     3 | D        | Found the +14 obsidian axe {vorpal, Mesm Drain Fly SInv}
     4 | D        | Found the +7 great mace "Firestarter" {inner flame, rF++}
     4 | D        | Found the +6 shillelagh "Devastator" {shatter}
     4 | D        | Found the +11 plutonium sword {Contam Stlth-}
     4 | D        | Found the +8 lance "Wyrmbane" {slay drac, rPois rF+ rC+
                  | AC+3}
     4 | D        | Found the +9 sword of Zonguldrok {reap}
     4 | D        | Found the +13 scythe of Curses {drain, Drain}
     4 | D        | Found the +5 sword of Power {vorpal}
     4 | D        | Found the +7 mace of Variability {chain chaos}
     4 | D        | Found the +7 Singing Sword {vorpal, sonic wave}
     4 | D        | Found the +8 storm bow {elec, penet}
     9 | D        | Found a viscous altar of Jiyva.
     9 | D        | Found a hazy altar of Hepliaklqana.
     9 | D        | Found a transporter.
     9 | D        | Found an opulent altar of Gozag.
     9 | D        | Found an ancient bone altar of Kikubaaqudgha.
     9 | D        | Found a corrupted altar of Lugonu.
    13 | D        | Found a burning altar of Makhleb.
    14 | D        | Found a sacrificial altar of Ru.
    14 | D        | Found a shimmering blue altar of Sif Muna.
    14 | D        | Found a stormy altar of Qazlal.
    14 | D        | Found a bloodstained altar of Trog.
    14 | D        | Found an iron altar of Okawaru.
    14 | D        | Found a sparkling altar of Nemelex Xobeh.
    70 | D        | Reached skill level 5 in Fighting
    70 | D        | Reached skill level 5 in Axes
    70 | D        | Reached XP level 2. HP: 30/30 MP: 1/1
    75 | D        | Entered arena 2.
    75 | D        | Noticed a bullfrog
    75 | D        | Found a transporter.
    76 | D        | Killed a bullfrog
    77 | D        | Reached skill level 5 in Shields
    77 | D        | Reached XP level 3. HP: 38/38 MP: 2/2
    77 | D        | Reached XP level 4. HP: 45/45 MP: 3/3
   299 | D        | Entered arena 3.
   299 | D        | Noticed a golden eye
   299 | D        | Noticed a slime creature
   299 | D        | Found a transporter.
   302 | D        | Reached ** piety under Trog
   304 | D        | Killed a golden eye
   305 | D        | Reached skill level 5 in Armour
   305 | D        | Reached skill level 5 in Dodging
   305 | D        | Reached XP level 5. HP: 54/56 MP: 4/4
   306 | D        | Killed a slime creature
   307 | D        | Reached XP level 6. HP: 57/64 MP: 5/5
   342 | D        | Entered arena 4.
   342 | D        | Noticed a golden eye
   342 | D        | Found a transporter.
   348 | D        | Reached *** piety under Trog
   350 | D        | Killed a golden eye
   351 | D        | Reached skill level 10 in Fighting
   351 | D        | Reached skill level 10 in Axes
   351 | D        | Reached XP level 7. HP: 72/72 MP: 6/6
   748 | D        | Entered arena 5.
   748 | D        | Found a transporter.
   751 | D        | Reached **** piety under Trog
   755 | D        | Got the ring of Lies {Fire rPois Str+6}
   760 | D        | Entered arena 6.
   760 | D        | Found a transporter.
   765 | D        | Reached skill level 10 in Shields
   770 | D        | Reached ***** piety under Trog
   849 | D        | Got the +0 pair of boots of Temperance {rElec Stlth+}
   951 | D        | Entered arena 7.
   951 | D        | Noticed a spriggan
   951 | D        | Noticed a spriggan
   951 | D        | Noticed a spriggan
   952 | D        | Found a transporter.
   954 | D        | Killed a spriggan
   955 | D        | Reached XP level 8. HP: 82/82 MP: 7/7
   967 | D        | Got the ring "Lokhlon" {rC+ Str+4 Dex+2}
   970 | D        | Entered arena 8.
   970 | D        | Found the +8 autumn katana {vorpal, manifold assault}
   970 | D        | Noticed a komodo dragon
   970 | D        | Noticed a cane toad
   971 | D        | Found a transporter.
   975 | D        | Killed a komodo dragon
   975 | D        | Received a gift from Trog
   976 | D        | Killed a cane toad
   977 | D        | Reached XP level 9. HP: 92/93 MP: 8/8
   982 | D        | Got the ring of Qiugiu {Ice rPois Will- MP+9 Dex+4}
   986 | D        | Got the ring "Voigom" {Ice rPois}
  1005 | D        | Entered arena 9.
  1005 | D        | Noticed Sigmund
  1005 | D        | Noticed Jessica
  1005 | D        | Noticed Blork the orc
  1005 | D        | Noticed Crazy Yiuf
  1005 | D        | Noticed Dowan
  1005 | D        | Noticed Duvessa
  1005 | D        | Noticed Edmund
  1006 | D        | Found a transporter.
  1013 | D        | Killed Crazy Yiuf
  1013 | D        | Killed Edmund
  1013 | D        | Killed Jessica
  1013 | D        | Reached ****** piety under Trog
  1014 | D        | Killed Dowan
  1014 | D        | Received a gift from Trog
  1015 | D        | Killed Duvessa
  1018 | D        | Killed Blork the orc
  1020 | D        | Killed Sigmund
  1182 | D        | Entered arena 10.
  1182 | D        | Noticed a spriggan rider
  1182 | D        | Noticed a spriggan rider
  1183 | D        | Found a transporter.
  1188 | D        | Received a gift from Trog
  1192 | D        | Killed a spriggan rider
  1193 | D        | Reached skill level 10 in Armour
  1193 | D        | Reached XP level 10. HP: 30/104 MP: 9/9
  1193 | D        | Killed a spriggan rider
  1194 | D        | Reached skill level 15 in Fighting
  1194 | D        | Reached skill level 15 in Axes
  1478 | D        | Entered arena 11.
  1478 | D        | Noticed a spriggan rider
  1479 | D        | Found a transporter.
  1483 | D        | Reached skill level 10 in Dodging
  1486 | D        | Reached skill level 15 in Shields
  1490 | D        | Killed a spriggan rider
  1490 | D        | Received a gift from Trog
  1553 | D        | Entered arena 12.
  1553 | D        | Noticed a harpy
  1553 | D        | Noticed a deep elf pyromancer
  1553 | D        | Noticed a deep elf knight
  1553 | D        | Noticed a deep elf master archer
  1553 | D        | Noticed a deep elf knight
  1553 | D        | Noticed a deep elf high priest
  1554 | D        | Noticed a deep elf high priest
  1554 | D        | Noticed a deep elf pyromancer
  1554 | D        | Noticed a deep elf sorcerer
  1556 | D        | Killed a harpy
  1557 | D        | Found a transporter.
  1560 | D        | Killed a deep elf master archer
  1560 | D        | Killed a deep elf knight
  1560 | D        | Received a gift from Trog
  1561 | D        | Reached XP level 11. HP: 92/116 MP: 10/10
  1564 | D        | Killed a deep elf high priest
  1564 | D        | Killed a deep elf knight
  1566 | D        | Killed a deep elf sorcerer
  1566 | D        | Received a gift from Trog
  1568 | D        | Killed a deep elf high priest
  1569 | D        | Killed a deep elf pyromancer
  1570 | D        | Killed from afar by a deep elf pyromancer

Illustrated notes

Levels and vault maps discovered:
D:        sprint_v [room_start, room_1, room_2, room_3, room_4, room_5, room_6,
          room_7, room_8, room_9, room_10, room_11, room_12, room_13, room_14,
          room_15, room_16, room_17, room_18, room_19, room_20, room_21,
          room_22, room_23, room_24, room_25, room_26, room_27]

Skill      XL: |  1  2  3  4  5  6  7  8  9 10 11 |
---------------+----------------------------------+-----
Fighting       | 5 6 8 9 10 11 13 14 16 17 | 17.6
Axes           | 5 6 8 9 10 11 12 14 16 17 | 17.6
Armour         | 3 4 5 6 7 9 10 11 12 | 12.5
Dodging        | 3 4 5 6 7 8 9 11 | 11.6
Shields        | 4 5 7 8 9 10 12 14 16 17 | 17.2

Action                   |  1- 3 |  4- 6 |  7- 9 | 10-12 || total
-------------------------+-------+-------+-------+-------++-------
Melee: Broad axe         |     1 |    10 |    36 |    25 ||    72
       Headbutt          |       |     1 |     3 |     2 ||     6
  Use: Potion            |     1 |       |       |       ||     1
 Stab: Distracted        |       |       |       |     1 ||     1
Armor: Plate armour      |     1 |     3 |    55 |    17 ||    76
Dodge: Dodged            |       |     1 |    10 |     9 ||    20
Block: Tower shield      |       |     4 |    67 |    39 ||   110
